 Dungeon Crawl Stone Soup version 0.30-a0-272-gf98c3da03f (webtiles) character file.

Game seed: 15697630013981971014

3930 tbh1313 the Severer (level 10, 0/115 HPs)
             Began as a Minotaur Berserker on Oct 15, 2022.
             Was a Priest of Trog.
             Slain by a boulder beetle (23 damage)
             ... on level 9 of the Dungeon on Oct 16, 2022.
             The game lasted 00:12:35 (7418 turns).

tbh1313 the Severer (Minotaur Berserker)            Turns: 7418, Time: 00:12:36

Health: 0/115      AC:  7    Str: 22    XL:     10   Next: 1%
Magic:  9/9        EV: 11    Int:  8    God:    Trog [***...]
Gold:   236        SH:  0    Dex: 10    Spells: 9/9 levels left

rFire   . . .      SeeInvis .    a - +1 hand axe
rCold   . . .      Faith    .    (no shield)
rNeg    + . .      Spirit   .    x - +3 leather armour {Will+}
rPois   .          Reflect  .    (helmet restricted)
rElec   .          Harm     .    (no cloak)
rCorr   .          Rampage  .    e - +0 pair of gloves
Will    ++...                    (no boots)
Stlth   ..........               (no amulet)
HPRegen 0.39/turn                j - ring of positive energy
MPRegen 0.11/turn                k - ring of willpower

@: berserking, very quick
A: horns 2, retaliatory headbutt
a: Renounce Religion, Berserk, Trog's Hand


You were on level 9 of the Dungeon.
You worshipped Trog.
Trog was most pleased with you.
You visited 1 branch of the dungeon, and saw 9 of its levels.

You collected 527 gold pieces.
You spent 291 gold pieces at shops.

Inventory:

Hand Weapons
 a - a +1 hand axe (weapon)
Missiles
 p - 4 silver javelins (quivered)
Armour
 e - a +0 pair of gloves (worn)
 x - a +3 leather armour of willpower (worn)
Jewellery
 j - a ring of positive energy (left hand)
 k - a ring of willpower (right hand)
 t - a ring of willpower
 z - a ring of poison resistance
Wands
 r - a wand of mindburst (10)
 s - a wand of flame (34)
 A - a wand of paralysis (8)
Scrolls
 b - 4 scrolls of blinking
 m - a scroll of enchant armour
 u - a scroll of magic mapping
 v - 4 scrolls of teleportation
 y - 3 scrolls of identify
 B - a scroll of fear
 C - a scroll of enchant weapon
Potions
 c - 4 potions of lignification {unknown}
 d - 5 potions of attraction
 f - 2 potions of haste {unknown}
 g - a potion of resistance {unknown}
 h - 2 potions of flight {unknown}
 i - 4 potions of degeneration {unknown}
 l - a potion of brilliance {unknown}
 n - 3 potions of might {unknown}
 o - 2 potions of curing {unknown}
 q - 2 potions of mutation {unknown}
 w - a potion of invisibility {unknown}
 D - a potion of heal wounds


   Skills:
 - Level 3.6 Fighting
 + Level 17.0 Axes
 - Level 2.4 Armour
 - Level 2.1 Dodging


You had 9 spell levels left.
You didn't know any spells.
Your spell library was empty.

Dungeon Overview and Level Annotations

Branches:
Dungeon (9/15)             Temple (0/1) D:5
   Lair: D:8-11         Orc: D:9-12

Altars:
Cheibriados
Dithmenos
Elyvilon
Gozag
Hepliaklqana
Kikubaaqudgha
Nemelex Xobeh
Okawaru
Uskayaw
Xom
Yredelemnul
Zin

Shops:
D:4 !   D:5 [


Innate Abilities, Weirdness & Mutations

You have a pair of horns on your head.
You reflexively headbutt those who attack you in melee.


Message History

You slash the boulder beetle!
The boulder beetle is moderately wounded.
The boulder beetle bites you but does no damage.
You hit the boulder beetle but do no damage.
You headbutt the boulder beetle.
The boulder beetle is heavily wounded.
You hit the boulder beetle. You headbutt the boulder beetle.
The boulder beetle is heavily wounded.
You hit the boulder beetle but do no damage.
The boulder beetle is heavily wounded.
The boulder beetle barely misses you.
You hit the boulder beetle but do no damage.
You headbutt the boulder beetle.
The boulder beetle is heavily wounded.
You hit the boulder beetle.
The boulder beetle is severely wounded.
The boulder beetle bites you!
You hit the boulder beetle.
The boulder beetle is severely wounded.
You slash the boulder beetle!
The boulder beetle is severely wounded.
You hit the boulder beetle but do no damage.
The boulder beetle is severely wounded.
The boulder beetle waves its antennae.
The boulder beetle bites you!
* * * LOW HITPOINT WARNING * * *
You slash the boulder beetle!
The boulder beetle is almost dead.
You hit the boulder beetle.
The boulder beetle is almost dead.
The boulder beetle closely misses you.
You hit the boulder beetle but do no damage.
The boulder beetle is almost dead.
You hit the boulder beetle but do no damage.
The boulder beetle is almost dead.
You hit the boulder beetle but do no damage.
You headbutt the boulder beetle, but do no damage.
The boulder beetle is almost dead.
The boulder beetle bites you!!
You die...

### #.# ####.# ###
#....# ..# #.##.# #.#
#.##.# ####+##
#.###.##.#
.......##@#...##)#######
(......'B.....).).......
.>.....##.#.##.#########
.......
#.#.......#####..
.......
#.####.###.......
.......
#.####...#.......
.......
#.#....#.#.......
...#### #.#.##.#.#.....#
... #..............#


You could see a boulder beetle.

Levels and vault maps discovered:
D:1:      scummos_arrival_star, layout_basic
D:2:      layout_loops_ring, minmay_crystal_room, minmay_pentomino_w2
D:3:      layout_basic, elyvilon_altar_5, shapermc_ecumenical_altar_ellora,
          minmay_unequal
D:4:      layout_loops_ring, nicolae_dithmenos_through_a_glass_darkly,
          overflow_temple_1_default, serial_shops, shop, dk_vineyard_1
D:5:      layout_basic, mainiacjoe_overflow_cross_hatched,
          minmay_temple_entry_junction_2, serial_shops, nicolae_diamond_shop,
          uniq_menkaure, uniq_duvessa, uniq_ijyb
D:6:      layout_basic, nemelex_xobeh_ov_fountains_minmay,
          nicolae_overflow_hidden_temple
D:7:      layout_basic, lemuel_doored_altar
D:8:      layout_loops_ring, minitemple, kennysheep_generic_room_10, uniq_maggie
D:9:      layout_basic, tgw_sif, lair_entry_dummy

Notes
Turn   | Place    | Note
-------+----------+-------------------------------------------
     0 | D:1      | tbh1313 the Minotaur Berserker began the quest for the Orb.
     0 | D:1      | Reached XP level 1. HP: 19/19 MP: 0/0
    47 | D:1      | Reached skill level 4 in Axes
   134 | D:1      | Reached XP level 2. HP: 26/26 MP: 1/1
   401 | D:1      | Reached skill level 5 in Axes
   638 | D:2      | Reached XP level 3. HP: 31/31 MP: 2/2
   808 | D:2      | Reached XP level 4. HP: 25/39 MP: 3/3
   977 | D:2      | Reached skill level 6 in Axes
  1047 | D:2      | Reached ** piety under Trog
  1461 | D:3      | Found a white marble altar of Elyvilon.
  1799 | D:3      | Found a faded altar of an unknown god.
  2280 | D:4      | Noticed a phantom
  2289 | D:4      | Killed a phantom
  2290 | D:4      | Reached skill level 7 in Axes
  2290 | D:4      | Reached XP level 5. HP: 43/45 MP: 4/4
  2419 | D:4      | Found a shadowy altar of Dithmenos.
  2484 | D:4      | Reached skill level 8 in Axes
  2526 | D:4      | Noticed a phantom
  2537 | D:4      | Killed a phantom
  2538 | D:4      | Reached XP level 6. HP: 51/51 MP: 5/5
  2749 | D:4      | Found Gahul's Distillery.
  2755 | D:4      | Bought a potion of heal wounds for 55 gold pieces
  2757 | D:4      | Found a shimmering altar of Xom.
  2889 | D:4      | Reached skill level 9 in Axes
  2968 | D:5      | Entered Level 5 of the Dungeon
  3001 | D:5      | Noticed Ijyb
  3007 | D:5      | Found a staircase to the Ecumenical Temple.
  3012 | D:5      | Reached XP level 7. HP: 34/57 MP: 6/6
  3032 | D:5      | Killed Ijyb
  3218 | D:5      | Noticed Menkaure
  3219 | D:5      | Found Zagai's Armour Shop.
  3229 | D:5      | Killed Menkaure
  3230 | D:5      | Reached skill level 10 in Axes
  3277 | D:5      | Bought a +3 chain mail for 236 gold pieces
  3537 | D:5      | Noticed Duvessa
  3539 | D:5      | Noticed Dowan
  3549 | D:5      | Killed Dowan
  3553 | D:5      | Killed Duvessa
  3554 | D:5      | Reached skill level 11 in Axes
  3610 | D:5      | Found a glowing silver altar of Zin.
  3633 | D:5      | Reached XP level 8. HP: 48/64 MP: 7/7
  4029 | D:6      | Reached skill level 12 in Axes
  4326 | D:6      | Reached skill level 13 in Axes
  4331 | D:6      | Reached *** piety under Trog
  4343 | D:6      | Found a sparkling altar of Nemelex Xobeh.
  5086 | D:6      | Found a snail-covered altar of Cheibriados.
  5088 | D:6      | Found a hazy altar of Hepliaklqana.
  5193 | D:7      | Reached skill level 14 in Axes
  5197 | D:7      | Reached XP level 9. HP: 56/70 MP: 8/8
  5441 | D:7      | Found an ancient bone altar of Kikubaaqudgha.
  5512 | D:7      | Reached skill level 15 in Axes
  6104 | D:8      | Noticed Maggie
  6119 | D:8      | Killed Maggie
  6120 | D:8      | Reached skill level 16 in Axes
  6265 | D:8      | Identified the +1 long sword "Foac" {pain, Contam Fly
                  | Dex+3}
  6596 | D:8      | Identified the +9 quarterstaff of the Eight Spines {vorpal,
                  | rF+ Dex+5}
  6625 | D:8      | Found a hide-covered altar of Uskayaw.
  6625 | D:8      | Found a basalt altar of Yredelemnul.
  6629 | D:8      | Found an iron altar of Okawaru.
  6630 | D:8      | Found an opulent altar of Gozag.
  6840 | D:8      | Reached skill level 17 in Axes
  7358 | D:9      | Reached XP level 10. HP: 77/77 MP: 9/9
  7394 | D:9      | Noticed a boulder beetle
  7418 | D:9      | Slain by a boulder beetle

Table legend: (Time is in decaauts)
 A = Elapsed time spent in this place.
 B = Non-inter-level travel time spent in this place.
 C = Inter-level travel time spent in this place.
 D = Time resting spent in this place.
 E = Time spent auto-exploring this place.
 F = Levels seen in this place.
 G = Mean time per level.
                   A        B        C        D        E       F      G
               +--------+--------+--------+--------+--------+-----+--------+
         Total |   7401 |   7103 |    298 |   1308 |   4870 |   9 |  822.3 |
       Dungeon |   7401 |   7103 |    298 |   1308 |   4870 |   9 |  822.3 |
               +--------+--------+--------+--------+--------+-----+--------+

Top non-repeatable levels by time:
     D:8: 1179 daAuts
     D:6: 1117 daAuts
     D:5: 1055 daAuts
     D:3: 811 daAuts
     D:7: 779 daAuts
     D:4: 765 daAuts
     D:2: 760 daAuts
     D:1: 639 daAuts
     D:9: 293 daAuts

Table legend:
 A = Kills in this place as a percentage of kills in entire the game.
 B = Kills by you in this place as a percentage of kills by you in the entire game.
 C = Kills by friends in this place as a percentage of kills by friends in the entire game.
 D = Other kills in this place as a percentage of other kills in the entire game.
 E = Experience gained in this place as a percentage of experience gained in the entire game.
 F = Experience gained in this place divided by the number of levels of this place that you have seen.
                   A       B       C       D       E      F
               +-------+-------+-------+-------+-------+----------------------
         Total | 100.0 | 100.0 |   N/A |   N/A | 100.0 | 623.9
       Dungeon | 100.0 | 100.0 |   N/A |   N/A | 100.0 | 623.9
               +-------+-------+-------+-------+-------+----------------------

Action                   |  1- 3 |  4- 6 |  7- 9 | 10-12 || total
-------------------------+-------+-------+-------+-------++-------
Melee: Hand axe          |    90 |    95 |   267 |    26 ||   478
       Headbutt          |     8 |    17 |    48 |     5 ||    78
       Punch             |       |       |     2 |       ||     2
Throw: Javelin           |       |       |     2 |       ||     2
Invok: Berserk           |       |     1 |     9 |     1 ||    11
       Trog's Hand       |       |       |     4 |       ||     4
  Use: Scroll            |     4 |     7 |     1 |       ||    12
       Potion            |       |       |     1 |       ||     1
 Stab: Sleeping          |       |       |     1 |       ||     1
Armor: Plate armour      |    60 |    58 |     7 |       ||   125
       Chain mail        |       |       |    12 |       ||    12
       Leather armour    |       |       |    56 |     2 ||    58
Dodge: Dodged            |    24 |    28 |   102 |     3 ||   157

Vanquished Creatures
  Maggie (D:8)
  3 steam dragons
  Menkaure (D:5)
  Duvessa (D:5)
  A water moccasin (D:7)
  4 orc warriors
  A black bear (D:6)
  4 ice beasts
  2 ogres (D:6)
  A centaur (D:7)
  2 phantoms (D:4)
  4 bullfrogs
  A necrophage (D:5)
  Dowan (D:5)
  6 killer bees (D:7)
  2 howler monkeys
  3 jellies
  7 orc priests
  3 hounds
  A gnoll bouda (D:8)
  4 iguanas
  Ijyb (D:5)
  8 orc wizards
  11 gnolls
  7 adders
  A shadow imp (D:6)
  2 white imps
  An ufetubus (D:4)
  2 worms
  2 dart slugs
  20 orcs
  2 ball pythons (D:1)
  2 bats
  6 endoplasms
  8 giant cockroaches
  4 goblins
  6 hobgoblins
  7 kobolds
  3 quokkas
  3 frilled lizards
  6 rats
155 creatures vanquished.

Vanquished Creatures (others)
  An orc (D:7)
  A plant (D:5)
2 creatures vanquished.

Grand Total: 157 creatures vanquished
